| TOP OF THE 1ST |
|
Niagara Falls Rapids batting - Pitching for Utica Blue Jays : RHP Jeff Satzinger
|
|
Pitching: RHP Jeff Satzinger
|
|
|
Batting: LHB John Gibbons
|
0-0: Ball 1-0: Called Strike 1-1: Called Strike 1-2: Foul Ball, location: 2F 1-2: Fly out, F4 (Flyball, 34D, EV 90.6 MPH)
|
|
Batting: LHB Joe Vavra
|
0-0: Ball 1-0: Ball 2-0: Foul Ball, location: 2F 2-1: Ball 3-1: Called Strike 3-2: Base on Balls
|
|
Batting: LHB John Rubel
|
0-0: Foul Ball, location: 2F 0-1: Ball 1-1: Swinging Strike 1-2: Strikes out swinging
|
|
Batting: LHB Thomas Krupa
|
0-0: Called Strike 0-1: 2-RUN HOME RUN (Flyball, 9LD, EV 93.8 MPH), Distance : 351 ft
|
|
Batting: LHB Brad Winkler
|
0-0: Called Strike 0-1: Ground out 6-3 (Groundball, 6MS, EV 73.8 MPH)
|
| Top of the 1st over - 2 runs, 1 hit, 0 errors, 0 left on base; Niagara Falls 2 - Utica 0 |
| BOTTOM OF THE 1ST |
|
Utica Blue Jays batting - Pitching for Niagara Falls Rapids : LHP Steven Oliver
|
|
Pitching: LHP Steven Oliver
|
|
|
Batting: RHB Ed Allen
|
0-0: Called Strike 0-1: Ground out 4-3 (Groundball, 34, EV 84.4 MPH)
|
|
Batting: RHB Jose Gonzalez
|
0-0: Ball 1-0: Foul Ball, location: 2F 1-1: Ball 2-1: Ball 3-1: Called Strike 3-2: Base on Balls
|
|
Batting: SHB Steve Roadcap
|
0-0: Called Strike 0-1: Foul Ball, location: 2F 0-2: Ball 1-2: Ball 2-2: Ball Jose Gonzalez is caught stealing 2nd base 2-4 3-2: Base on Balls
|
|
Batting: LHB Jose Gomez
|
0-0: SINGLE (Line Drive, 6D, EV 98.8 MPH) Steve Roadcap to second
|
|
Batting: RHB Ricky Jordan
|
0-0: Fly out, F8 (Flyball, 89D, EV 96.3 MPH)
|
| Bottom of the 1st over - 0 runs, 1 hit, 0 errors, 2 left on base; Niagara Falls 2 - Utica 0 |
| TOP OF THE 2ND |
|
Niagara Falls Rapids batting - Pitching for Utica Blue Jays : RHP Jeff Satzinger
|
|
Batting: RHB Milo Choate
|
0-0: Ball 1-0: Ball 2-0: Foul Ball, location: 2F 2-1: Foul Ball, location: 2F 2-2: Ball 3-2: Base on Balls
|
|
Batting: LHB Eric Brock
|
0-0: Called Strike 0-1: Ball 1-1: Ball 2-1: Foul Ball, location: 2F 2-2: Foul Ball, location: 2F 2-2: Ball 3-2: DOUBLE (Groundball, 3D, EV 102.5 MPH) Milo Choate to third Milo Choate scores
|
|
Batting: RHB Greg Tarnow
|
0-0: Ball 1-0: Called Strike 1-1: Ball 2-1: Fly out, F9 (Flyball, 9LM, EV 88.8 MPH)
|
|
Batting: RHB Alexander Dovalis
|
0-0: Ball 1-0: Foul Ball, location: 2F 1-1: Fly out, F9 (Flyball, 89D, EV 110.6 MPH)
|
|
Batting: LHB John Gibbons
|
0-0: Called Strike 0-1: Ball 1-1: Ball 2-1: Ball 3-1: Swinging Strike 3-2: Strikes out swinging
|
| Top of the 2nd over - 1 run, 1 hit, 0 errors, 1 left on base; Niagara Falls 3 - Utica 0 |
| BOTTOM OF THE 2ND |
|
Utica Blue Jays batting - Pitching for Niagara Falls Rapids : LHP Steven Oliver
|
|
Batting: SHB Manuel Lee
|
0-0: Ball 1-0: Called Strike 1-1: Swinging Strike 1-2: SINGLE (Groundball, 6D, EV 96.9 MPH)
|
|
Batting: RHB Eddie Santiago
|
0-0: Foul Ball, location: 2F 0-1: Ball 1-1: Ground out 4-3 (Groundball, 4S, EV 73.8 MPH) Manuel Lee to second
|
|
Batting: LHB Robert Williamson
|
0-0: Foul Ball, location: 2F 0-1: Foul Ball, location: 2F 0-2: Ball 1-2: Ball 2-2: Strikes out looking
|
|
Batting: RHB Gustavo Hernandez
|
0-0: Swinging Strike 0-1: Ground out 6-3 (Groundball, 56, EV 88.8 MPH)
|
| Bottom of the 2nd over - 0 runs, 1 hit, 0 errors, 1 left on base; Niagara Falls 3 - Utica 0 |
| TOP OF THE 3RD |
|
Niagara Falls Rapids batting - Pitching for Utica Blue Jays : RHP Jeff Satzinger
|
|
Batting: LHB Joe Vavra
|
0-0: Called Strike 0-1: Called Strike 0-2: Ball 1-2: Strikes out swinging
|
|
Batting: LHB John Rubel
|
0-0: Ball 1-0: Fly out, F8 (Flyball, 8LS, EV 90.6 MPH)
|
|
Batting: LHB Thomas Krupa
|
0-0: Ball 1-0: Foul Ball, location: 2F 1-1: SINGLE (Groundball, 34D, EV 98.1 MPH)
|
|
Batting: LHB Brad Winkler
|
0-0: Swinging Strike 0-1: Called Strike 0-2: Ball 1-2: Strikes out looking
|
| Top of the 3rd over - 0 runs, 1 hit, 0 errors, 1 left on base; Niagara Falls 3 - Utica 0 |
| BOTTOM OF THE 3RD |
|
Utica Blue Jays batting - Pitching for Niagara Falls Rapids : LHP Steven Oliver
|
|
Batting: RHB Ed Allen
|
0-0: Fly out, F8 (Flyball, 78S, EV 88.1 MPH)
|
|
Batting: RHB Jose Gonzalez
|
0-0: Called Strike 0-1: Ball 1-1: Ball 2-1: SINGLE (Groundball, 15S, EV 65.0 MPH) (infield hit)
|
|
Batting: SHB Steve Roadcap
|
0-0: Ball Pickoff Throw to First - Error! E1 Jose Gonzalez to second 1-0: Foul Ball, location: 2F 1-1: Foul Ball, location: 2F 1-2: Ball 2-2: Ball 3-2: Foul Ball, location: 2F 3-2: SINGLE (Groundball, 34D, EV 101.9 MPH) Jose Gonzalez to third Runner from 3rd tries for Home, SAFE, throw by RF to home
|
|
Batting: LHB Jose Gomez
|
Pickoff Throw to First - Error! E1 Steve Roadcap to second 0-0: Called Strike 0-1: Fly out, F9 (Flyball, 89D, EV 95.6 MPH) Runner from 2nd tags up, SAFE at 3rd, no throw by RF
|
|
Batting: RHB Ricky Jordan
|
0-0: Swinging Strike 0-1: Foul Ball, location: 2F 0-2: TRIPLE (Flyball, 9D, EV 98.8 MPH) Steve Roadcap scores
|
|
Batting: SHB Manuel Lee
|
0-0: Reached on error, E4 (Groundball, 4, EV 78.8 MPH) Ricky Jordan scores
|
|
Batting: RHB Eddie Santiago
|
0-0: Ball 1-0: Ball 2-0: Ball 3-0: Base on Balls Manuel Lee to second
|
|
Batting: LHB Robert Williamson
|
0-0: Swinging Strike 0-1: Fly out, F9 (Flyball, 89S, EV 85.6 MPH)
|
| Bottom of the 3rd over - 3 runs, 3 hits, 3 errors, 2 left on base; Niagara Falls 3 - Utica 3 |
| TOP OF THE 4TH |
|
Niagara Falls Rapids batting - Pitching for Utica Blue Jays : RHP Jeff Satzinger
|
|
Batting: RHB Milo Choate
|
0-0: Ball 1-0: Ball 2-0: Foul Ball, location: 2F 2-1: Foul Ball, location: 2F 2-2: Ball 3-2: Base on Balls
|
|
Batting: LHB Eric Brock
|
0-0: Ball 1-0: Ball 2-0: Ball 3-0: Called Strike 3-1: Swinging Strike 3-2: Fly out, F7 (Flyball, 7D, EV 89.4 MPH)
|
|
Batting: RHB Greg Tarnow
|
0-0: Swinging Strike 0-1: Fly out, F8 (Flyball, 8LD, EV 94.4 MPH)
|
|
Batting: RHB Alexander Dovalis
|
0-0: Ball 1-0: Ground out 6-3 (Groundball, 6MD, EV 101.3 MPH)
|
| Top of the 4th over - 0 runs, 0 hits, 0 errors, 1 left on base; Niagara Falls 3 - Utica 3 |
| BOTTOM OF THE 4TH |
|
Utica Blue Jays batting - Pitching for Niagara Falls Rapids : LHP Steven Oliver
|
|
Batting: RHB Gustavo Hernandez
|
0-0: Ball 1-0: Ball 2-0: Foul Ball, location: 2F 2-1: Ball 3-1: Fly out, F1 (Line Drive, P, EV 71.3 MPH)
|
|
Batting: RHB Ed Allen
|
0-0: Ball 1-0: Called Strike 1-1: Foul Ball, location: 2F 1-2: Ball 2-2: Strikes out looking
|
|
Batting: RHB Jose Gonzalez
|
0-0: Ball 1-0: Foul Ball, location: 2F 1-1: Foul Ball, location: 2F 1-2: Ball 2-2: Ball 3-2: SINGLE (Groundball, 6M, EV 110.6 MPH) (infield hit)
|
|
Batting: SHB Steve Roadcap
|
0-0: Ball 1-0: Called Strike 1-1: Fielders Choice at 2nd, 6-4 (Groundball, 6, EV 98.1 MPH)
|
| Bottom of the 4th over - 0 runs, 1 hit, 0 errors, 1 left on base; Niagara Falls 3 - Utica 3 |
| TOP OF THE 5TH |
|
Niagara Falls Rapids batting - Pitching for Utica Blue Jays : RHP Jeff Satzinger
|
|
Batting: LHB John Gibbons
|
0-0: Ball 1-0: Foul Ball, location: 2F 1-1: Swinging Strike 1-2: Fly out, F8 (Flyball, 89XD, EV 84.4 MPH)
|
|
Batting: LHB Joe Vavra
|
0-0: Ground out 4-3 (Groundball, 4, EV 90.0 MPH)
|
|
Batting: LHB John Rubel
|
0-0: Swinging Strike 0-1: Ball 1-1: Ball 2-1: Ball 3-1: Called Strike 3-2: Foul Ball, location: 2F 3-2: Strikes out swinging
|
| Top of the 5th over - 0 runs, 0 hits, 0 errors, 0 left on base; Niagara Falls 3 - Utica 3 |
| BOTTOM OF THE 5TH |
|
Utica Blue Jays batting - Pitching for Niagara Falls Rapids : LHP Steven Oliver
|
|
Batting: LHB Jose Gomez
|
0-0: Called Strike 0-1: Ball 1-1: SOLO HOME RUN (Flyball, 9LD, EV 95.6 MPH), Distance : 349 ft
|
|
Batting: RHB Ricky Jordan
|
0-0: SINGLE (Flyball, 34D, EV 94.4 MPH)
|
|
Batting: SHB Manuel Lee
|
0-0: Bunted foul 0-1: Bunted foul 0-2: Ball 1-2: SINGLE (Line Drive, 9S, EV 91.3 MPH) Ricky Jordan to second Runner from 2nd tries for 3rd, SAFE, no throw by RF
|
|
Batting: RHB Eddie Santiago
|
0-0: Ball 1-0: SINGLE (Groundball, 6MD, EV 93.8 MPH) Ricky Jordan scores Manuel Lee to second
|
|
Batting: LHB Robert Williamson
|
0-0: Fielders Choice at 2nd, 3-6 (Groundball, 3, EV 103.8 MPH) Manuel Lee to third
|
|
Batting: RHB Gustavo Hernandez
|
0-0: Ball 1-0: Called Strike 1-1: Ball 2-1: Ball 3-1: Foul Ball, location: 2F 3-2: Foul Ball, location: 2F 3-2: Foul Ball, location: 2F 3-2: Base on Balls Robert Williamson to second
|
|
Batting: RHB Ed Allen
|
0-0: Ball 1-0: Foul Ball, location: 2F 1-1: Called Strike 1-2: Fielders Choice at 2nd, 5-4 (Groundball, 5, EV 104.4 MPH) Manuel Lee scores Robert Williamson to third
|
|
Batting: RHB Jose Gonzalez
|
0-0: Ball 1-0: Fly out, F3 (Popup, 34S, EV 78.8 MPH)
|
| Bottom of the 5th over - 3 runs, 4 hits, 0 errors, 2 left on base; Niagara Falls 3 - Utica 6 |
| TOP OF THE 6TH |
|
Niagara Falls Rapids batting - Pitching for Utica Blue Jays : RHP Jeff Satzinger
|
|
Batting: LHB Thomas Krupa
|
0-0: Called Strike 0-1: Ball 1-1: Ball 2-1: Ball 3-1: Fly out, F1 (Line Drive, P, EV 68.8 MPH)
|
|
Batting: LHB Brad Winkler
|
0-0: Ball 1-0: Called Strike 1-1: Ball 2-1: DOUBLE (Line Drive, 89D, EV 107.5 MPH)
|
|
Batting: RHB Milo Choate
|
0-0: Ball 1-0: 2-RUN HOME RUN (Flyball, 7D, EV 98.1 MPH), Distance : 383 ft
|
|
Pitching: RHP Christian Fedor
|
|
|
Batting: LHB Eric Brock
|
0-0: Ball 1-0: Ball 2-0: Ball 3-0: Called Strike 3-1: Foul Ball, location: 2F 3-2: Strikes out swinging, 2-3 out at first.
|
|
Batting: RHB Greg Tarnow
|
0-0: Foul Ball, location: 2F 0-1: Ball 1-1: Ball 2-1: Foul Ball, location: 2F 2-2: Fly out, F4 (Popup, 4S, EV 85.6 MPH)
|
| Top of the 6th over - 2 runs, 2 hits, 0 errors, 0 left on base; Niagara Falls 5 - Utica 6 |
| BOTTOM OF THE 6TH |
|
Utica Blue Jays batting - Pitching for Niagara Falls Rapids : LHP Steven Oliver
|
|
Batting: SHB Steve Roadcap
|
0-0: Ball 1-0: Ball 2-0: DOUBLE (Flyball, 8LD, EV 101.9 MPH)
|
|
Batting: LHB Jose Gomez
|
0-0: Ball 1-0: Ball 2-0: Fly out, F7 (Flyball, 7S, EV 87.5 MPH)
|
|
Batting: RHB Ricky Jordan
|
0-0: Foul Ball, location: 2F 0-1: Ball 1-1: Single, Error in OF, E8, batter to second base (Line Drive, 8RS, EV 100.0 MPH) Steve Roadcap scores
|
|
Pitching: LHP Chuck Powell
|
|
|
Batting: SHB Manuel Lee
|
0-0: Fly out, F9 (Flyball, 9, EV 84.4 MPH)
|
|
Batting: RHB Eddie Santiago
|
0-0: Ball 1-0: Called Strike 1-1: Called Strike 1-2: Ball 2-2: Foul Ball, location: 2F 2-2: Ball 3-2: Foul Ball, location: 2F 3-2: Base on Balls
|
|
Batting: LHB Robert Williamson
|
0-0: Swinging Strike 0-1: Ground out U3 (Groundball, 3L, EV 100.0 MPH)
|
| Bottom of the 6th over - 1 run, 2 hits, 1 error, 2 left on base; Niagara Falls 5 - Utica 7 |
| TOP OF THE 7TH |
|
Niagara Falls Rapids batting - Pitching for Utica Blue Jays : RHP Christian Fedor
|
|
Batting: RHB Alexander Dovalis
|
0-0: Ball 1-0: Ball 2-0: Fly out, F6 (Popup, 6, EV 73.1 MPH)
|
|
Batting: LHB John Gibbons
|
0-0: Called Strike 0-1: Ball 1-1: SINGLE (Groundball, 25, EV 69.4 MPH) (infield hit)
|
|
Batting: LHB Joe Vavra
|
0-0: Ball John Gibbons is caught stealing 2nd base 2-6 1-0: Ball 2-0: Called Strike 2-1: Ball 3-1: Foul Ball, location: 2F 3-2: Foul Ball, location: 2F 3-2: Strikes out looking
|
| Top of the 7th over - 0 runs, 1 hit, 0 errors, 0 left on base; Niagara Falls 5 - Utica 7 |
| BOTTOM OF THE 7TH |
|
Utica Blue Jays batting - Pitching for Niagara Falls Rapids : LHP Chuck Powell
|
|
Batting: RHB Gustavo Hernandez
|
0-0: Ball 1-0: Ball 2-0: Called Strike 2-1: Ball 3-1: Base on Balls
|
|
Batting: RHB Ed Allen
|
0-0: Called Strike 0-1: Swinging Strike 0-2: Ball 1-2: Reached on error, E1 (Groundball, 15S, EV 65.0 MPH) Gustavo Hernandez to third
|
|
Batting: RHB Jose Gonzalez
|
0-0: Fly out, F7 (Flyball, 7S, EV 88.8 MPH)
|
|
Batting: SHB Steve Roadcap
|
0-0: Intentional Walk
|
|
Batting: LHB Jose Gomez
|
0-0: Ball 1-0: Ball 2-0: Swinging Strike 2-1: Ball 3-1: Foul Ball, location: 2F 3-2: Foul Ball, location: 2F 3-2: Foul Ball, location: 2F 3-2: Foul Ball, location: 2F 3-2: GRAND SLAM HOME RUN (Flyball, 9D, EV 95.0 MPH), Distance : 373 ft
|
|
Pitching: LHP Keith Walker
|
|
|
Batting: RHB Ricky Jordan
|
0-0: Called Strike 0-1: Fly out, F4 (Popup, 34S, EV 79.4 MPH)
|
|
Batting: SHB Manuel Lee
|
0-0: Called Strike 0-1: Ball 1-1: Ball 2-1: Ball 3-1: Fly out, F8 (Line Drive, 8RM, EV 91.9 MPH)
|
| Bottom of the 7th over - 4 runs, 1 hit, 1 error, 0 left on base; Niagara Falls 5 - Utica 11 |
| TOP OF THE 8TH |
|
Niagara Falls Rapids batting - Pitching for Utica Blue Jays : RHP Christian Fedor
|
|
Batting: LHB John Rubel
|
0-0: Swinging Strike 0-1: Swinging Strike 0-2: Ball 1-2: Ball 2-2: Ball 3-2: Fly out, F7 (Flyball, 7, EV 84.4 MPH)
|
|
Pitching: RHP James Strichek
|
|
|
Batting: LHB Thomas Krupa
|
0-0: Called Strike 0-1: SOLO HOME RUN (Flyball, 7D, EV 105.6 MPH), Distance : 398 ft
|
|
Batting: LHB Brad Winkler
|
0-0: Swinging Strike 0-1: Ball 1-1: Fly out, F8 (Flyball, 8RM, EV 90.6 MPH)
|
|
Batting: RHB Milo Choate
|
0-0: Ball 1-0: Ball 2-0: Foul Ball, location: 2F 2-1: Foul Ball, location: 2F 2-2: Strikes out swinging
|
| Top of the 8th over - 1 run, 1 hit, 0 errors, 0 left on base; Niagara Falls 6 - Utica 11 |
| BOTTOM OF THE 8TH |
|
Utica Blue Jays batting - Pitching for Niagara Falls Rapids : LHP Keith Walker
|
|
Batting: RHB Eddie Santiago
|
0-0: Ball 1-0: Foul Ball, location: 2F 1-1: Called Strike 1-2: Ball 2-2: Foul Ball, location: 2F 2-2: Strikes out swinging
|
|
Batting: LHB Robert Williamson
|
0-0: Called Strike 0-1: Fly out, F7 (Line Drive, 7, EV 95.0 MPH)
|
|
Batting: RHB Gustavo Hernandez
|
0-0: Ball 1-0: Ball 2-0: Foul Ball, location: 2F 2-1: Ball 3-1: Foul Ball, location: 2F 3-2: SINGLE (Groundball, 5S, EV 73.8 MPH) (infield hit)
|
|
Batting: RHB Ed Allen
|
0-0: Called Strike 0-1: Ball 1-1: Fielders Choice at 2nd, 5-4 (Groundball, 5L, EV 105.6 MPH)
|
| Bottom of the 8th over - 0 runs, 1 hit, 0 errors, 1 left on base; Niagara Falls 6 - Utica 11 |
| TOP OF THE 9TH |
|
Niagara Falls Rapids batting - Pitching for Utica Blue Jays : RHP James Strichek
|
|
Batting: LHB Eric Brock
|
0-0: Ball 1-0: Swinging Strike 1-1: Foul Ball, location: 2F 1-2: Fly out, F9 (Line Drive, 9, EV 105.6 MPH)
|
|
Batting: RHB Greg Tarnow
|
0-0: Called Strike 0-1: Ball 1-1: Ball 2-1: Foul Ball, location: 2F 2-2: Ball 3-2: Foul Ball, location: 2F 3-2: Strikes out swinging
|
|
Batting: RHB Alexander Dovalis
|
0-0: Foul Ball, location: 2F 0-1: Swinging Strike 0-2: Strikes out swinging
|
| Top of the 9th over - 0 runs, 0 hits, 0 errors, 0 left on base; Niagara Falls 6 - Utica 11 |
|